 Dungeon Crawl Stone Soup version 0.26.1-2-gb8aa6d0cf2 (webtiles) character file.

Game seed: 3200327619999359419

300421 MalarOregon the Tortoise (level 21, -18/135 HPs)
             Began as a Halfling Arcane Marksman on Mar 30, 2021.
             Was the Champion of Lugonu.
             Killed from afar by a deep elf annihilator (62 damage)
             ... with a crystal spear
             ... on level 3 of the Elven Halls.
             The game lasted 02:00:51 (41709 turns).

MalarOregon the Tortoise (HaAM)                    Turns: 41709, Time: 02:00:51

Health: -18/135    AC: 47    Str: 16    XL:     21   Next: 92%
Magic:  38/38      EV: 11    Int: 16    God:    Lugonu [******]
Gold:   973        SH: 17    Dex: 23    Spells: 22/22 levels left

rFire    + + .     SeeInvis .   a - +12 Vampire's Tooth {vamp}
rCold    + + .     Faith    .   q - +3 kite shield {rF+}
rNeg     + . .     Spirit   .   Z - +9 scales of the Dragon King {rPois rF+ rC+ Will+}
rPois    +         Reflect  .   i - +2 helmet
rElec    .         Harm     .   r - +2 cloak
rCorr    .         Rampage  .   B - +2 pair of gloves
Will     +++..                  U - +2 pair of boots {Fly}
Stlth    ..........             e - amulet "Pocitayre" {Regen+ Int+3 Dex+2}
HPRegen  0.72/turn              E - ring of Atzineram {+Fly rPois Will+}
MPRegen  0.26/turn              W - ring of Knowledge {rC+ rN+ MP+9 Dex+3 Slay+2}

@: lethally poisoned (-18 -> -18), about to teleport, flying
A: small, frail 1, low mp 1, mutation resistance 1
}: 2/15 runes: decaying, serpentine
a: Stop Flying, Renounce Religion, Depart the Abyss, Bend Space, Banish,
Corrupt, Enter the Abyss, Brand Weapon With Distortion


You were on level 3 of the Elven Halls.
You worshipped Lugonu.
Lugonu was exalted by your worship.
You visited 7 branches of the dungeon, and saw 34 of its levels.

You collected 4856 gold pieces.
You spent 3883 gold pieces at shops.

Inventory:

Hand Weapons
 a - the +12 Vampire's Tooth (weapon) {vamp}
   (You found it on level 8 of the Dungeon)

   It inflicts no extra harm, but heals its wielder when it wounds a living foe.
 b - the +7 rapier of the Solstice {vorpal, rF+ Str+7 Dex-3}
   (You found it on level 13 of the Dungeon)

   It inflicts extra damage upon your enemies.
   It affects your strength (+7).
   It affects your dexterity (-3).
   It protects you from fire.
Missiles
 L - 5 curare-tipped darts {!f}
 V - 4 throwing nets {!f}
 Y - 4 silver boomerangs (quivered)
Armour
 i - a +2 helmet (worn)
   (You found it on level 1 of the Dungeon)
 q - a +3 kite shield of fire resistance (worn)
   (You took it off a naga warrior on level 4 of the Snake Pit)
 r - a +2 cloak (worn)
   (You found it on level 3 of the Dungeon)
 B - a +2 pair of gloves (worn)
   (You found it on level 7 of the Dungeon)
 K - the cursed +1 robe "Durozxacw" {+Fly Will+}
   (You took it off a deep elf demonologist on level 3 of the Elven Halls)

   It affects your willpower, your defense against some magical effects.
   It lets you fly.
   It has a curse placed upon it.
 U - a +2 pair of boots of flying (worn)
   (You found it on level 1 of the Swamp)
 Z - the +9 scales of the Dragon King (worn) {rPois rF+ rC+ Will+}
   (You found it on level 5 of the Lair of Beasts)

   It protects you from fire.
   It protects you from cold.
   It protects you from poison.
   It affects your willpower, your defense against some magical effects.
Jewellery
 e - the amulet "Pocitayre" (around neck) {Regen+ Int+3 Dex+2}
   (You took it off a deep elf demonologist on level 3 of the Elven Halls)

   [amulet of regeneration]

   It affects your intelligence (+3).
   It affects your dexterity (+2).
   It increases your rate of regeneration.
 h - an uncursed ring of resist corrosion
   (You found it on level 2 of the Lair of Beasts)
 t - the ring of the Monkey's Uncle {+Fly rElec rF++ AC+4}
   (You bought it in a shop on level 2 of the Snake Pit)

   [ring of protection]

   It affects your AC (+4).
   It greatly protects you from fire.
   It insulates you from electricity.
   It lets you fly.
 E - the ring of Atzineram (left hand) {+Fly rPois Will+}
   (You took it off an orc priest on level 6 of the Dungeon)

   [ring of flight]

   It protects you from poison.
   It affects your willpower, your defense against some magical effects.
   It lets you fly.
 W - the ring of Knowledge (right hand) {rC+ rN+ MP+9 Dex+3 Slay+2}
   (You found it on level 7 of the Dungeon)

   [ring of positive energy]

   It affects your dexterity (+3).
   It affects your accuracy and damage with ranged weapons and melee attacks
   (+2).
   It protects you from cold.
   It protects you from negative energy.
   It affects your magic capacity (+9).
Wands
 d - a wand of iceblast (35)
   (You found it on level 1 of the Lair of Beasts)
 u - a wand of paralysis (21)
   (You took it off Erolcha on level 1 of the Orcish Mines)
 v - a wand of digging (17)
   (You took it off Maurice on level 12 of the Dungeon)
 x - a wand of acid (20)
   (You found it on level 8 of the Dungeon)
 G - a wand of polymorph (19)
   (You found it on level 7 of the Dungeon)
 N - a wand of enslavement (34)
   (You found it on level 9 of the Dungeon)
Scrolls
 f - 16 scrolls of remove curse {@r2}
 g - 18 scrolls of teleportation {@r4}
 n - 6 scrolls of magic mapping
 o - a scroll of holy word
 p - 2 scrolls of blinking
 w - 6 scrolls of amnesia
 D - 4 scrolls of fear
 F - 5 scrolls of fog
 H - 11 scrolls of identify {@r1}
 T - 4 scrolls of immolation {!r}
 X - 5 scrolls of vulnerability {!r}
Potions
 c - 4 potions of might
 k - 8 potions of curing {@q1}
 l - 2 potions of heal wounds {@q2}
 m - 8 potions of flight
 s - 9 potions of lignification {!q}
 z - a potion of berserk rage
 C - 5 potions of haste {@q3}
 M - 2 potions of invisibility
 O - 5 potions of mutation {!q}
 P - 4 potions of ambrosia
 Q - 2 potions of resistance
 R - 2 potions of cancellation
 S - 3 potions of magic
Miscellaneous
 j - a condenser vane (inert)
   (You bought it in a shop on level 2 of the Orcish Mines)
 y - a phantom mirror
   (You bought it in a shop on level 2 of the Orcish Mines)
 A - a phial of floods (inert)
   (You bought it in a shop on level 2 of the Orcish Mines)
 I - a box of beasts
   (You found it on level 6 of the Lair of Beasts)
 J - a tin of tremorstones (2/2)
   (You bought it in a shop on level 2 of the Orcish Mines)


   Skills:
 + Level 15.1 Fighting
 - Level 14.0 Short Blades
 - Level 12.0 Throwing
 + Level 20.3 Armour
 - Level 11.0 Dodging
 * Level 14.0 Shields
 - Level 1.0 Spellcasting
 - Level 2.4 Hexes
 + Level 15.5 Invocations


You had 22 spell levels left.
You didn't know any spells.
Your spell library contained the following spells:

 Spells                   Type           Power        Failure   Level
 Corona                   Hex            8%           100%        1
 Ensorcelled Hibernation  Hex/Ice        8%           100%        2
 Poisonous Vapours        Pois/Air       0%           100%        2
 Slow                     Hex            8%           100%        2
 Confusing Touch          Hex            8%           100%        3
 Dazzling Flash           Conj/Hex       8%           100%        3
 Inner Flame              Hex/Fire       4%           100%        3
 Portal Projectile        Hex/Tloc       8%           100%        3
 Tukima's Dance           Hex            8%           100%        3
 Cause Fear               Hex            4%           100%        4
 Leda's Liquefaction      Hex/Erth       2%           100%        4
 Summon Ice Beast         Ice/Summ       0%           100%        4
 Summon Lightning Spire   Summ/Air       0%           100%        4
 Irradiate                Conj/Tmut      0%           100%        5
 Hydra Form               Tmut           0%           100%        6
 Statue Form              Tmut/Erth      0%           100%        6
 Dragon Form              Tmut           0%           100%        7
 Dragon's Call            Summ           0%           100%        9


Dungeon Overview and Level Annotations

Branches:
Dungeon (14/15)            Temple (1/1) D:7            Lair (6/6) D:10
  Swamp (4/4) Lair:2        Snake (4/4) Lair:3        Slime (0/5) Lair:5
    Orc (2/2) D:9             Elf (3/3) Orc:2        Vaults (0/5) D:14

Altars:
Ashenzari
Cheibriados
Dithmenos
Elyvilon
Fedhas
Gozag
Hepliaklqana
Kikubaaqudgha
Makhleb
Nemelex Xobeh
Okawaru
Qazlal
Ru
Sif Muna
Trog
Uskayaw
Vehumet
Wu Jian
Xom
Yredelemnul
Zin
The Shining One
Lugonu

Shops:
D:11 (   Orc:2 (}[(   Elf:1 *   Snake:2 (=}=   Snake:3 (}([=

Annotations:
Lair:2 3 runed translucent doors, kalagan's ghost, journeyman DECj


Innate Abilities, Weirdness & Mutations

You are small and have problems with some larger weapons.
You are somewhat resistant to further mutation.
You are frail. (-10% HP)
Your magical capacity is low. (-10% MP)


Message History

A deep elf demonologist comes into view.
It is wielding the +4 morningstar of Qusahagumewk {flame, rN++ Will+ Str+3 Int+5} and wearing a +1 robe of the Archmagi.
The deep elf demonologist shouts!
The deep elf demonologist moves out of view.
A deep elf high priest comes into view. It is wielding a +0 short sword.
The deep elf annihilator mumbles some strange words.
The deep elf annihilator blinks!
The deep elf demonologist mumbles some strange words.
The deep elf high priest mumbles some strange prayers to its god.
The deep elf high priest begins emitting a brilliant aura!
The deep elf annihilator is empowered by the deep elf high priest's aura!
The deep elf annihilator points at you and mumbles some strange words.
The poison arrow hits you!
You are poisoned.
You partially resist. Something hits you but does no damage.
You feel sick.
The deep elf demonologist is empowered by the deep elf high priest's aura!
The deep elf high priest unwields a +0 short sword.
The deep elf high priest wields a +0 shortbow.
The deep elf high priest shoots an arrow.
The arrow hits you but does no damage.
You hear some strange, mumbled words.
An iron shot appears from out of thin air!
The iron shot hits you!!! You block the orange demon's attack.
You see here an arrow.
You puncture the deep elf demonologist! You hit the deep elf demonologist.
You feel better.
You feel sick.
You puncture the deep elf demonologist!
You feel better.
You hear some strange, mumbled words.
The deep elf demonologist hits you with the +4 morningstar of Qusahagumewk {flame, rN++ Will+ Str+3 Int+5}.
The deep elf demonologist burns you.
* * * LOW HITPOINT WARNING * * *
You block the orange demon's attack.
You puncture the deep elf annihilator!
You feel better.
You hit the deep elf annihilator.
The deep elf annihilator hits you but does no damage.
The deep elf high priest shoots an arrow.
The arrow hits you but does no damage.
You hear some strange, mumbled words.
A bolt of lightning appears from out of thin air!
The bolt of lightning hits you!!!
* * * LOW HITPOINT WARNING * * *
Unknown command.
As you read the scroll of teleportation {@r4}, it crumbles to dust.
You feel strangely unstable.
You feel sick. You block the orange demon's attack.
The deep elf demonologist casts a spell.
The deep elf annihilator points at you and mumbles some strange words.
The crystal spear hits you!!!
You die...

...............
...............
...⌠........⌠....
......e.........
..#........#.....
...#..{...#......
..........#......
.......@e........
.....4e..........
.......§.........
......#.3#.......
#....##..##....##
#######.[#######
..#..#.##
#.#..#..#
#.#..#..#


You could see a deep elf annihilator (empowered), a deep elf demonologist
(empowered), an orange demon (summoned), a deep elf high priest (brilliance
aura) and a sixfirhy (summoned).

Vanquished Creatures
  Mara (Elf:3)
  Vashnia (Snake:3)
  Nikola (Swamp:1)
  Jorgrun (D:12)
  A deep elf master archer (Elf:3)
  A deep elf blademaster (Elf:3)
  Frances (Swamp:2)
  Roxanne (Swamp:3)
  Agnes (D:14)
  Kirke (Lair:4)
  5 deep elf sorcerers
  8 nagarajas
  5 deep elf elementalists (Elf:3)
  A stone giant (Orc:2)
  Nessos (Lair:4)
  6 dire elephants (Lair:6)
  5 deep elf demonologists
  8 bunyips
  7 deep elf annihilators
  6 eleionomae
  8 deep elf death magi
  The ghost of ZZKoverts the Unseen, a journeyman SpEn of Nemelex Xobeh (Lair:6)
  Josephine (D:14)
  4 deep elf high priests (Elf:3)
  5 ogre magi
  A shambling mangrove (Swamp:2)
  Erolcha (Orc:1)
  2 ghost crabs
  3 boulder beetles
  14 naga warriors
  16 hydras
  15 anacondas
  A catoblepas (Lair:5)
  14 alligators
  27 dancing weapons
  9 death yaks
  17 two-headed ogres
  11 naga sharpshooters
  2 orc high priests
  Urug (Lair:3)
  4 tengu warriors
  8 shock serpents
  16 deep elf knights
  8 salamander mystics
  4 skeletal warriors (D:14)
  2 goliath frogs
  3 unseen horrors
  12 swamp dragons
  12 naga ritualists
  3 spriggan druids
  3 bog bodies
  13 deep elf archers
  4 lindwurms (Snake:4)
  2 orc knights
  A harpy (shapeshifter) (D:14)
  15 mana vipers
  54 deep elf magi
  5 will-o-the-wisps
  3 oklob plants
  2 cyclopes
  5 ugly things
  9 guardian serpents
  2 orc sorcerers
  16 salamanders
  Maurice (D:12)
  12 elephants
  2 manticores
  32 naga magi
  51 black mambas
  11 cane toads
  2 gargoyles
  5 torpor snails
  8 komodo dragons
  4 yaktaurs
  An efreet (D:14)
  A tengu conjurer (D:14)
  A troll (D:14)
  8 hornets
  14 tyrant leeches
  2 polar bears
  4 blink frogs (Lair:1)
  Prince Ribbit (D:4)
  A dream sheep (Lair:6)
  A shadow (D:14)
  4 air elementals
  3 water elementals
  8 spriggans
  23 yaks
  4 wyverns
  7 hogs
  4 wraiths (D:14)
  4 fire bats (D:13)
  5 basilisks
  Eustachio (D:5)
  4 vampire mosquitoes
  43 nagas
  16 swamp worms
  A hell hound (D:13)
  13 water moccasins
  19 orc warriors
  4 ice beasts
  6 sky beasts
  2 black bears
  A necrophage (D:13)
  8 swamp drakes
  2 phantoms
  36 ogres
  A boggart (D:14)
  14 wolves
  9 centaurs
  4 small abominations
  3 big kobolds
  14 bullfrogs
  4 earth elementals
  A gnoll sergeant (D:8)
  6 scorpions
  4 killer bees
  8 wights
  2 howler monkeys
  9 electric eels
  3 lava snakes
  3 centaur zombies
  A bullfrog zombie (D:12)
  7 hounds
  6 centaur skeletons
  8 orc priests
  A gnoll shaman (D:9)
  4 jellies
  5 bullfrog skeletons
  4 iguanas
  10 orc wizards
  4 hell rats
  12 worker ants
  A hound zombie (D:11)
  21 gnolls
  15 adders
  3 white imps
  2 ufetubi
  5 oozes
  2 adder zombies
  3 adder skeletons
  A worm (D:3)
  3 dart slugs
  7 leopard geckos
  59 orcs
  8 giant cockroaches
  7 goblins
  8 hobgoblins
  14 jackals
  3 quokkas
  3 ball pythons
  9 bats
  6 frilled lizards
  16 kobolds
  3 leopard gecko skeletons
  A leopard gecko zombie (D:5)
  A quokka zombie (D:7)
  10 rats
  A crawling corpse (Elf:3)
  2 fire vortices (D:13)
1162 creatures vanquished.

Vanquished Creatures (collateral kills)
  the Lernaean hydra (Swamp:4)
  A hydra (Swamp:4)
  A swamp dragon (Swamp:4)
  A hornet (Swamp:4)
  A spriggan (Swamp:4)
  A swamp drake (Swamp:4)
  An orc (Orc:1)
7 creatures vanquished.

Vanquished Creatures (others)
  A thorn hunter (Swamp:1)
  A hydra (Swamp:4)
  A deep elf knight (Elf:3)
  A spriggan druid (Swamp:4)
  A deep elf mage (Elf:1)
  A will-o-the-wisp (Swamp:1)
  A mana viper (Snake:3)
  4 hornets (Swamp:1)
  A bloated husk (Swamp:1)
  4 spriggans (Swamp:1)
  A swamp worm (Swamp:1)
  An orc priest (Orc:1)
  An orc wizard (Orc:1)
  A worker ant (D:14)
  5 briar patches (Swamp:1)
  A fire vortex (D:13)
  32 foxfires
  22 fungi
  59 plants
139 creatures vanquished.

Grand Total: 1308 creatures vanquished

Notes
Turn   | Place    | Note
-------+----------+-------------------------------------------
     0 | D:1      | MalarOregon the Halfling Arcane Marksman began the quest
                  | for the Orb.
     0 | D:1      | Reached XP level 1. HP: 12/12 MP: 2/2
     6 | D:1      | Noticed a swamp drake
     6 | D:1      | Noticed a polar bear
     7 | D:1      | Noticed a hound
     7 | D:1      | Noticed an iguana
    53 | D:1      | Reached skill level 1 in Fighting
   116 | D:1      | Reached XP level 2. HP: 18/18 MP: 3/3
   166 | D:1      | Reached skill level 1 in Armour
   323 | D:1      | Reached XP level 3. HP: 23/23 MP: 4/4
   741 | D:2      | Reached skill level 1 in Short Blades
   783 | D:2      | Reached XP level 4. HP: 23/29 MP: 5/5
   900 | D:2      | Reached skill level 2 in Armour
  1065 | D:2      | Reached XP level 5. HP: 34/34 MP: 6/6
  1694 | D:3      | Found a broken altar of Ashenzari.
  1989 | D:3      | Reached XP level 6. HP: 40/40 MP: 7/7
  2427 | D:3      | Found a glowing silver altar of Zin.
  2517 | D:4      | Reached skill level 3 in Armour
  2659 | D:4      | Reached XP level 7. HP: 45/45 MP: 8/8
  3225 | D:5      | Entered Level 5 of the Dungeon
  3254 | D:5      | Noticed Prince Ribbit
  3284 | D:4      | Killed Prince Ribbit
  3285 | D:4      | Reached skill level 4 in Armour
  3285 | D:4      | Reached XP level 8. HP: 36/52 MP: 9/9
  3886 | D:4      | Reached skill level 5 in Dodging
  4116 | D:5      | Noticed Eustachio
  4135 | D:5      | Killed Eustachio
  4371 | D:5      | Reached skill level 5 in Short Blades
  4719 | D:5      | Reached skill level 5 in Armour
  4719 | D:5      | Reached XP level 9. HP: 59/59 MP: 10/10
  4769 | D:5      | Found an ornate altar of the Wu Jian Council.
  5136 | D:6      | Reached skill level 5 in Throwing
  5293 | D:6      | Found a bloodstained altar of Trog.
  5717 | D:6      | Identified the ring of Atzineram {+Fly rPois Will+}
  6297 | D:7      | Reached skill level 5 in Fighting
  6515 | D:7      | Reached skill level 6 in Armour
  6515 | D:7      | Reached skill level 1 in Shields
  6879 | D:7      | Found a staircase to the Ecumenical Temple.
  6893 | D:7      | Got a jewelled quarterstaff
  6921 | D:7      | Found a transporter.
  6923 | D:7      | Noticed a cyan ugly thing
  6924 | D:7      | Noticed a purple ugly thing
  6925 | D:7      | Found a corrupted altar of Lugonu.
  6925 | D:7      | Noticed a purple ugly thing
  6926 | D:7      | Noticed a brown ugly thing
  6948 | Temple   | Entered the Ecumenical Temple
  7196 | D:7      | Reached XP level 10. HP: 66/66 MP: 11/11
  7319 | D:7      | Found a transporter.
  8176 | D:8      | Found the +12 Vampire's Tooth {vamp}
  8176 | D:8      | Noticed a tengu warrior
  8179 | D:8      | Noticed a cyclops
  8286 | D:8      | Noticed a two-headed ogre
  8351 | D:8      | Killed a two-headed ogre
  8736 | D:8      | Noticed a two-headed ogre
  8766 | D:8      | Killed a two-headed ogre
  8951 | D:8      | Reached skill level 5 in Shields
  9131 | D:8      | Reached skill level 7 in Armour
  9162 | D:8      | Found a snail-covered altar of Cheibriados.
  9665 | D:9      | Found a radiant altar of Vehumet.
  9667 | D:9      | Found a shadowy altar of Dithmenos.
  9668 | D:9      | Found a blossoming altar of Fedhas.
 10014 | D:9      | Found a sparkling altar of Nemelex Xobeh.
 10179 | D:9      | Found a staircase to the Orcish Mines.
 10260 | D:9      | Found an iron altar of Okawaru.
 10445 | D:9      | Reached XP level 11. HP: 65/66 MP: 12/12
 11437 | D:10     | Entered Level 10 of the Dungeon
 11523 | D:10     | Noticed a two-headed ogre
 12450 | D:10     | Killed a two-headed ogre
 12799 | D:10     | Noticed a manticore
 12823 | D:10     | Killed a manticore
 12992 | D:10     | Found a staircase to the Lair.
 13011 | D:10     | Reached skill level 8 in Armour
 13223 | D:9      | Killed a tengu warrior
 13291 | D:8      | Noticed a manticore
 13359 | D:9      | Killed a cyclops
 13421 | D:8      | Noticed a brown ugly thing
 13472 | D:9      | Killed a purple ugly thing
 13552 | D:8      | Killed a manticore
 13960 | D:7      | Killed a brown ugly thing
 13978 | D:7      | Killed a purple ugly thing
 14045 | D:7      | Killed a brown ugly thing
 14046 | D:7      | Reached XP level 12. HP: 81/81 MP: 13/13
 14289 | D:7      | Got a glittering tin ring
 14297 | D:7      | Became a worshipper of Lugonu the Unformed
 14297 | D:7      | Reached * piety under Lugonu
 14505 | Lair:1   | Entered Level 1 of the Lair of Beasts
 14880 | Lair:1   | Found a snail-covered altar of Cheibriados.
 14895 | Lair:1   | Reached skill level 9 in Armour
 15789 | Lair:2   | Reached skill level 10 in Short Blades
 15804 | Lair:2   | Reached ** piety under Lugonu
 15916 | Lair:2   | Reached skill level 1 in Invocations
 16113 | Lair:2   | Found a runed translucent gate.
 16115 | Lair:2   | Found a runed translucent gate.
 16116 | Lair:2   | Found a runed translucent gate.
 16139 | Lair:2   | Noticed kalagan's ghost (journeyman DECj)
 16462 | Lair:2   | Identified the ring of Knowledge {rC+ rN+ MP+9 Dex+3
                  | Slay+2} (You found it on level 7 of the Dungeon)
 16736 | Lair:2   | Reached skill level 10 in Dodging
 16742 | Lair:2   | Found a staircase to the Swamp.
 17109 | Lair:3   | Found a staircase to the Snake Pit.
 17128 | Lair:3   | Reached XP level 13. HP: 84/88 MP: 14/14
 17215 | Lair:3   | Reached skill level 10 in Armour
 17620 | Lair:3   | Got a pitted falchion
 17888 | Lair:4   | Noticed Nessos
 17952 | Lair:4   | Killed Nessos
 18004 | Lair:4   | Noticed Urug
 18104 | Lair:3   | Killed Urug
 18299 | Lair:4   | Reached *** piety under Lugonu
 18500 | Lair:4   | Noticed Kirke
 18622 | Lair:4   | Identified the +3 falchion of Alez {vorpal, Will+ MP+9}
                  | (You found it on level 3 of the Lair of Beasts)
 18682 | Lair:4   | Killed Kirke
 18683 | Lair:4   | Reached skill level 5 in Invocations
 19062 | Lair:5   | Found the +9 scales of the Dragon King {rPois rF+ rC+
                  | Will+}
 19063 | Lair:5   | Found a sacrificial altar of Ru.
 19202 | Lair:5   | Noticed a catoblepas
 19279 | Lair:5   | Killed a catoblepas
 19306 | Lair:5   | Reached XP level 14. HP: 97/97 MP: 17/17
 19467 | Lair:5   | Found a staircase to the Slime Pits.
 19678 | Lair:5   | Got a shimmering lajatang
 19739 | Lair:5   | Reached skill level 10 in Throwing
 19739 | Lair:5   | Reached skill level 11 in Armour
 19826 | Lair:5   | Found a blossoming altar of Fedhas.
 20513 | Lair:6   | Entered Level 6 of the Lair of Beasts
 20561 | Lair:6   | Reached **** piety under Lugonu
 20669 | Lair:6   | Found a transporter.
 20674 | Lair:6   | Found a transporter.
 20913 | Lair:6   | Identified a scroll of acquirement
 20913 | Lair:6   | Acquired 1078 gold pieces
 21127 | Lair:6   | Noticed ZZKoverts's ghost (journeyman SpEn)
 21478 | Lair:6   | Reached skill level 12 in Armour
 21707 | Lair:6   | Noticed a dire elephant
 21707 | Lair:6   | Noticed a dire elephant
 21737 | Lair:6   | Killed a dire elephant
 21763 | Lair:6   | Killed a dire elephant
 21815 | Lair:6   | Noticed a dire elephant
 21849 | Lair:6   | Killed a dire elephant
 21850 | Lair:6   | Noticed a dire elephant
 21886 | Lair:6   | Killed a dire elephant
 21936 | Lair:6   | Noticed a dire elephant
 21939 | Lair:6   | Noticed a dire elephant
 21970 | Lair:6   | Killed a dire elephant
 21994 | Lair:6   | Killed a dire elephant
 22104 | Lair:6   | Reached skill level 10 in Fighting
 22406 | Lair:6   | Killed ZZKoverts's ghost
 22617 | D:11     | Reached XP level 15. HP: 103/103 MP: 20/20
 22835 | D:11     | Found Jeuwosm's Weapon Shop.
 22843 | D:11     | Bought 4 datura-tipped darts for 17 gold pieces
 23184 | D:11     | Reached ***** piety under Lugonu
 23841 | D:12     | Reached skill level 13 in Armour
 23970 | D:12     | Noticed Jorgrun
 23991 | D:12     | Killed Jorgrun
 23996 | D:12     | Noticed Maurice
 24009 | D:12     | Killed Maurice
 24276 | D:13     | Identified the Tome of the Four Persimmons
 24514 | D:13     | Got a bloodstained rapier
 24516 | D:13     | Identified the +7 rapier of the Solstice {vorpal, rF+ Str+7
                  | Dex-3} (You found it on level 13 of the Dungeon)
 25134 | D:14     | Noticed Josephine
 25197 | D:14     | Killed Josephine
 25322 | D:14     | Reached skill level 14 in Armour
 25587 | D:14     | Noticed Agnes
 25613 | D:14     | Killed Agnes
 25946 | D:14     | Reached XP level 16. HP: 66/111 MP: 22/22
 26079 | D:14     | Found a gate to the Vaults.
 26575 | Orc:1    | Entered Level 1 of the Orcish Mines
 26576 | Orc:1    | Noticed Erolcha
 26582 | Orc:1    | Reached ****** piety under Lugonu
 26645 | Orc:1    | Killed Erolcha
 26750 | Orc:2    | Entered Level 2 of the Orcish Mines
 26750 | Orc:2    | Found a staircase to the Elven Halls.
 27158 | Orc:2    | Found Puratef's Gadget Shoppe.
 27158 | Orc:2    | Found Buotyol's Antique Weapon Boutique.
 27158 | Orc:2    | Found Suqix's Antique Weapon Shop.
 27158 | Orc:2    | Found Senacves's Armour Shoppe.
 27454 | Orc:1    | Reached skill level 15 in Armour
 27694 | Orc:2    | Bought a condenser vane for 520 gold pieces
 27694 | Orc:2    | Bought a phantom mirror for 520 gold pieces
 27694 | Orc:2    | Bought a tin of tremorstones (2/2) for 520 gold pieces
 27694 | Orc:2    | Bought a wand of digging (8) for 312 gold pieces
 27694 | Orc:2    | Bought a phial of floods for 520 gold pieces
 27694 | Orc:2    | Bought a wand of enslavement (8) for 130 gold pieces
 27694 | Orc:2    | Bought a wand of acid (3) for 182 gold pieces
 27694 | Orc:2    | Bought a wand of flame (1) for 19 gold pieces
 27694 | Orc:2    | Bought a wand of polymorph (11) for 169 gold pieces
 27993 | Snake:1  | Entered Level 1 of the Snake Pit
 28230 | Snake:1  | Reached skill level 10 in Invocations
 29151 | Snake:2  | Reached XP level 17. HP: 95/117 MP: 24/24
 29458 | Snake:2  | Found a burning altar of Makhleb.
 29703 | Snake:2  | Found Teasilaso's Antique Weapon Shoppe.
 29743 | Snake:2  | Reached skill level 16 in Armour
 29909 | Snake:2  | Found Idouwn's Gadget Shoppe.
 29910 | Snake:2  | Found Guotiorgh's Jewellery Boutique.
 29910 | Snake:2  | Found Boakunust's Jewellery Boutique.
 29916 | Snake:2  | Bought the ring of the Monkey's Uncle {+Fly rElec rF++
                  | AC+4} for 974 gold pieces
 30201 | Snake:3  | Found Xigec Ujo's Weapon Shop.
 30238 | Snake:3  | Found Usonoi's Antique Weapon Emporium.
 30239 | Snake:3  | Noticed Vashnia
 30296 | Snake:3  | Found Kupt's Jewellery Shoppe.
 30296 | Snake:3  | Found Buffag's Gadget Emporium.
 30356 | Snake:3  | Found Gumat's Armour Shoppe.
 30407 | Snake:3  | Killed Vashnia
 31120 | Snake:3  | Reached skill level 17 in Armour
 31691 | Snake:3  | Gained mutation: Your magical capacity is low. (-10% MP)
                  | [mutagenic glow]
 31702 | Snake:3  | Reached XP level 18. HP: 126/126 MP: 24/24
 31792 | Snake:4  | Entered Level 4 of the Snake Pit
 32828 | Snake:4  | Reached skill level 18 in Armour
 33906 | Snake:4  | Reached XP level 19. HP: 129/134 MP: 3/25
 34333 | Snake:4  | Got a serpentine rune of Zot
 34569 | Swamp:1  | Entered Level 1 of the Swamp
 34718 | Swamp:1  | Noticed Nikola
 34755 | Swamp:1  | Killed Nikola
 35492 | Swamp:2  | Reached skill level 19 in Armour
 35902 | Swamp:2  | Noticed Frances
 35928 | Swamp:2  | Killed Frances
 36388 | Swamp:3  | Noticed Roxanne
 36437 | Swamp:3  | Killed Roxanne
 36937 | Swamp:4  | Entered Level 4 of the Swamp
 37000 | Swamp:4  | Reached XP level 20. HP: 131/142 MP: 27/27
 37347 | Swamp:4  | Reached skill level 10 in Shields
 37368 | Swamp:4  | Noticed the 27-headed Lernaean hydra
 37400 | Swamp:4  | Killed the 27-headed Lernaean hydra
 37733 | Swamp:4  | Got a decaying rune of Zot
 37984 | Elf:1    | Entered Level 1 of the Elven Halls
 37998 | Elf:1    | Noticed a Tzitzimitl
 38313 | Elf:1    | Found Tonacinu's General Store.
 39513 | Elf:2    | Reached XP level 21. HP: 149/149 MP: 28/28
 39520 | Elf:2    | Found a runed translucent gate.
 39520 | Elf:2    | Found a runed translucent gate.
 39520 | Elf:2    | Found a runed translucent gate.
 39882 | Elf:2    | Reached skill level 15 in Invocations
 40115 | Elf:3    | Entered Level 3 of the Elven Halls
 40200 | Elf:3    | Noticed Mara
 40211 | Elf:3    | Noticed MalarOregon's illusion
 40390 | Elf:3    | Noticed MalarOregon's illusion
 40399 | Elf:3    | Noticed MalarOregon's illusion
 40516 | Elf:3    | Noticed MalarOregon's illusion
 40598 | Elf:3    | Noticed MalarOregon's illusion
 40608 | Elf:3    | Killed Mara
 40609 | Elf:3    | Reached skill level 20 in Armour
 41081 | Elf:3    | Gained mutation: You are frail. (-10% HP) [a neqoxec]
 41317 | Elf:3    | Identified the ring "Ricvinor" {Int+2 Dex+10 Slay+4 SInv}
 41325 | Elf:3    | Noticed a Brimstone Fiend
 41350 | Elf:3    | Identified the cursed +1 robe "Durozxacw" {+Fly Will+}
 41350 | Elf:3    | Identified the amulet "Pocitayre" {Regen+ Int+3 Dex+2}
 41399 | Elf:3    | Reached skill level 15 in Fighting
 41531 | Elf:3    | Identified the +7 great sword "Veatink" {venom, +Fly rN+
                  | Dex+2}
 41700 | Elf:3    | Identified the +4 morningstar of Qusahagumewk {flame, rN++
                  | Will+ Str+3 Int+5}
 41709 | Elf:3    | Killed from afar by a deep elf annihilator

Illustrated notes

Levels and vault maps discovered:
D:1:      onia_arrival_zoo_common, layout_loops_ring, minmay_pentomino_o2
D:2:      layout_rooms
D:3:      layout_loops_ring, marbit_many_paths, chequers_serial_rivers_micro_c,
          st_stairs_1, ashenzari_altar_1
D:4:      wad_pebble_path, layout_rooms
D:5:      layout_rooms, nzn_wu_jian_contemplation, uniq_prince_ribbit1,
          uniq_eustachio
D:6:      layout_loops_ring, lightli_temple_of_fire
D:7:      gammafunk_corrupted_shrine, layout_basic, minmay_temple_entry_waves
D:8:      cheibrodos_elevator_heist, layout_basic,
          nicolae_overflow_hidden_temple, minmay_starry_boxes
D:9:      cheibrodos_two_vegetables, layout_rooms,
          nicolae_overflow_quartered_altars, okawaru_trees_2
D:10:     layout_loops_ring, grunt_lair_entry_orc_guard_hut
D:11:     layout_irregular_city, serial_shops, shop
D:12:     layout_long_grid, uniq_maurice, uniq_jorgrun
D:13:     layout_rooms, minmay_crystal_room, chequers_jeans,
          hangedman_incinerator
D:14:     layout_loops_corners, hangedman_vaults_entry_quadrant_bands,
          kennysheep_doodads, uniq_josephine, uniq_agnes
Temple:   eino_temple_water
Lair:1:   layout_chaotic_city, nicolae_quartered_pool_medium,
          kennysheep_snail_temple, minmay_lair_oklob_chamber
Lair:2:   layout_cave_shapes, nicolae_swamp_entry_splash_gauntlet,
          gammafunk_ghost_icy, chequers_serial_rivers_micro_d, minivault_11
Lair:3:   layout_roguey, minmay_snake_entry_spellcaster
Lair:4:   layout_long_grid, uniq_kirke, uniq_urug, uniq_nessos
Lair:5:   layout_concentric_octagons, nicolae_slime_entry_slimehenge,
          basic_altar, minmay_lair_oklob_items, tgw_fedhas, lemuel_fruit_tree
Lair:6:   due_jungle_book, layout_loops_ring, gammafunk_ghost_arena
Swamp:1:  layout_basic_swamp, evilmike_swamp_ruin_rubble_2, swamp_pool1,
          uniq_nikola
Swamp:2:  layout_basic_swamp, evilmike_swamp_ruin_rubble_1, uniq_frances
Swamp:3:  layout_falls_marsh, nicolae_swamp_very_dense_foliage, swamp_pool1,
          uniq_roxanne
Swamp:4:  swamp_old_school, layout_basic_swamp, infiniplex_staircase_pool
Snake:1:  layout_onion
Snake:2:  layout_misc_corridors, serial_shops, shop, basic_altar,
          minmay_shop_grove
Snake:3:  layout_honeycomb, serial_shops, nicolae_shop_statue_plus,
          nicolae_snake_linked_coils, grunt_ministairs_15, minmay_shoptagon,
          uniq_vashnia
Snake:4:  snake_pit_salamanders_mu, layout_gridlike, drop_trap
Orc:1:    layout_caves, uniq_sonja, uniq_erolcha
Orc:2:    st_orc_ogre_mass, layout_caves
Elf:1:    layout_rooms, serial_shops, shop, minmay_elf_crystal_hexagon
Elf:2:    layout_geoelf_grid
Elf:3:    minmay_elf_hall_spiked, layout_geoelf_grid, minivault_5, uniq_mara,
          uniq_asterion

Skill      XL: |  1  2  3  4  5  6  7  8  9 10 11 12 13 14 15 16 17 18 19 20 21 |
---------------+----------------------------------------------------------------+-----
Fighting       | 1 2 3 4 5 6 7 8 9 10 11 12 13 14 15 | 15.1
Armour         | 1 2 3 4 5 6 7 8 9 10 12 14 15 17 18 19 20 | 20.3
Short Blades   | 1 2 3 4 5 6 7 9 10 11 12 13 14 | 14.0
Dodging        | 3 4 5 6 7 8 10 11 | 11.0
Throwing       | 3 4 5 6 7 8 9 10 11 12 | 12.0
Shields        | 2 5 9 12 14 | 14.0
Invocations    | 2 5 7 9 10 11 13 14 15 | 15.5
Spellcasting   | |  1.0
Hexes          | |  2.4

Action                   |  1- 3 |  4- 6 |  7- 9 | 10-12 | 13-15 | 16-18 | 19-21 || total
-------------------------+-------+-------+-------+-------+-------+-------+-------++-------
Melee: Short sword       |       |     4 |       |       |       |       |       ||     4
       Dagger            |       |   135 |   457 |   618 |       |       |       ||  1210
       Falchion          |       |       |    13 |    65 |    19 |       |       ||    97
       Quick blade       |       |       |       |   436 |  1908 |  2567 |  2771 ||  7682
       Rapier            |       |       |       |       |    11 |       |    92 ||   103
Throw: Boomerang         |    94 |    41 |       |       |     3 |       |    24 ||   162
       Stone             |       |    46 |     8 |       |       |       |       ||    54
       Dart              |       |    18 |    52 |    49 |    15 |       |       ||   134
Invok: Bend Space        |       |       |       |       |       |     1 |       ||     1
Evoke: Wand              |       |       |       |     6 |     1 |     7 |    12 ||    26
       Tin of tremorston |       |       |       |       |       |       |     2 ||     2
       Phantom mirror    |       |       |       |       |       |       |     2 ||     2
       Phial of floods   |       |       |       |       |       |       |     2 ||     2
       Condenser vane    |       |       |       |       |       |       |     2 ||     2
       Box of beasts     |       |       |       |       |       |       |     1 ||     1
  Use: Scroll            |       |       |    13 |    11 |    15 |     4 |     7 ||    50
       Potion            |       |       |       |     3 |     1 |     4 |     6 ||    14
 Stab: Sleeping          |       |     2 |     1 |       |       |       |       ||     3
       Distracted        |       |       |       |       |       |     1 |       ||     1
       Paralysed         |       |       |       |       |       |     1 |       ||     1
       Betrayed ally     |       |       |       |       |       |     1 |       ||     1
       Confused          |       |       |       |       |       |       |     4 ||     4
Armor: Robe              |     3 |     5 |       |       |       |       |       ||     8
       Ring mail         |       |    28 |    89 |       |       |       |       ||   117
       Leather armour    |       |    11 |       |       |       |       |       ||    11
       Scale mail        |       |       |    76 |   192 |    36 |       |       ||   304
       Gold dragon scale |       |       |       |       |   427 |   858 |  1048 ||  2333
Dodge: Dodged            |    36 |   111 |   307 |   418 |   218 |   373 |   410 ||  1873
Block: Buckler           |       |       |    12 |   171 |   196 |   413 |    15 ||   807
       Kite shield       |       |       |       |       |       |       |  1039 ||  1039
       Rpst.: Falchion   |       |       |     2 |    12 |     1 |       |       ||    15
